Map: Flashback EE

Players

HRSixSIxSIx - Winner!

  • Race: Protoss Protoss
  • League: Silver
  • Spawn Location: 11:00

MrNilsson - Winner!

  • Race: Terran Terran
  • League: Silver
  • Spawn Location: 9:00

Kimmo - Winner!

  • Race: Protoss Protoss
  • Spawn Location: 11:00

TATORREA

  • Race: Protoss Protoss
  • League: Gold
  • Spawn Location: 7:00

tigro

  • Race: Terran Terran
  • League: Bronze
  • Spawn Location: 7:00

MrFercho

  • Race: Zerg Zerg
  • League: Silver
  • Spawn Location: 7:00

VOD

Have the link to the VOD?

Description

Time

  • Played on: July 14, 2020, 9:43 p.m.
  • Length: 13:57
Show
View Real Time Build Order
Export as new Build Order

HRSixSIxSIx Protoss - Winner!

Build Orders:  

Get SALT Encoding   

  1  0:00  Probe  
  12  0:05  Probe  
  14  0:22  Probe  
  15  0:30  Pylon  
  15  0:48  Probe  
  16  0:51  Forge  
  16  0:54  Gateway  
  16  1:00  Probe  
  17  1:08  Probe  
  17  1:16  Pylon  
  17  1:17  Probe  
  19  1:30  Assimilator  
  19  1:33  Assimilator  
  19  1:44  Probe, Cybernetics Core  
  20  1:53  Photon Cannon  
  20  1:56  Probe  
  21  2:05  Probe  
  21  2:13  Probe  
  23  2:26  Probe  
  23  2:29  Nexus  
  24  2:34  Pylon  
  24  2:45  Probe, Stargate  
  25  2:57  Probe  
  26  3:11  Photon Cannon, Probe  
  27  3:14  Photon Cannon  
  27  3:23  Probe  
  28  3:29  Stalker  
  30  3:36  Void Ray  
  30  3:39  Probe  
  35  3:47  Shield Battery  
  35  3:50  Assimilator  
  35  3:53  Probe  
  35  3:54  Probe  
  35  3:55  Assimilator  
  35  4:01  Probe  
  37  4:03  Probe  
  37  4:06  Protoss Shields Level 1  
  39  4:10  Probe  
  39  4:15  Probe  
  41  4:19  Void Ray  
  45  4:28  Probe  
  45  4:30  Probe  
  47  4:36  Protoss Air Weapons Level 1  
  47  4:51  Photon Cannon  
  47  5:00  Shield Battery  
  47  5:06  Probe  
  48  5:07  Void Ray  
  48  5:10  Photon Cannon  
  48  5:12  Pylon  
  52  5:15  Photon Cannon  
  52  5:18  Pylon  
  52  5:26  Probe  
  53  5:35  Fleet Beacon  
  53  5:39  Photon Cannon  
  53  5:41  Pylon  
  53  5:42  Photon Cannon  
  53  5:43  Pylon  
  53  5:44  Pylon  
  53  5:46  Pylon  
  53  5:48  Pylon  
  53  5:52  Shield Battery  
  53  5:53  Shield Battery  
  53  5:57  Void Ray  
  57  6:29  Probe x2  
  59  6:40  Void Ray  
  59  6:41  Probe x2  
  65  7:02  Probe x2  
  67  7:14  Probe  
  68  7:23  Void Ray, Pylon  
  68  7:27  Pylon  
  72  7:48  Unknown  
  72  7:58  Protoss Air Armor Level 1  
  72  8:05  Void Ray  
  76  8:34  Photon Cannon  
  76  8:35  Photon Cannon  
  76  8:37  Shield Battery  
  76  8:38  Twilight Council, Pylon  
  76  8:42  Pylon  
  76  8:43  Pylon  
  76  8:45  Pylon  
  76  8:48  Pylon  
  76  8:49  Shield Battery  
  76  8:54  Shield Battery  
  76  8:56  Photon Cannon  
  76  9:00  Photon Cannon  
  76  9:15  Photon Cannon  
  76  9:16  Photon Cannon  
  76  9:18  Photon Cannon  
  76  9:19  Void Ray, Photon Cannon  
  76  9:21  Photon Cannon  
  76  9:23  Photon Cannon  
  80  9:24  Photon Cannon  
  80  9:26  Stargate  
  80  9:27  Pylon  
  80  9:28  Pylon, Stargate  
  80  9:30  Pylon  
  80  9:31  Pylon  
  80  9:33  Pylon  
  80  9:36  Pylon  
  80  9:37  Shield Battery  
  80  9:38  Shield Battery  
  80  9:42  Shield Battery  
  80  9:43  Shield Battery  
  80  9:46  Shield Battery  
  80  10:09  Protoss Air Weapons Level 2  
  76  10:17  Void Ray x3  
  76  10:18  Probe x2  
  90  10:30  Probe x2  
  92  10:42  Probe x2  
  94  10:59  Void Ray  
  98  11:09  Void Ray x2  
  98  11:10  Probe  
  98  11:11  Probe  
  104  11:22  Probe  
  104  11:23  Probe  
  106  11:34  Probe  
  107  11:42  Void Ray  
  111  11:52  Void Ray x2, Probe x2  
  121  12:24  Probe x2  
  121  12:25  Void Ray  
  127  12:35  Void Ray x2  
  127  12:36  Probe  
  136  13:01  Probe x2  
  138  13:08  Void Ray  
  142  13:13  Probe  
Show
View Real Time Build Order
Export as new Build Order

MrNilsson Terran - Winner!

Build Orders:  

Get SALT Encoding   

  12  0:01  SCV  
  13  0:30  SCV  
  14  0:35  Supply Depot  
  14  0:36  Refinery  
  14  0:39  Refinery  
  14  0:42  SCV  
  15  0:57  SCV  
  15  1:01  Barracks  
  16  1:18  SCV  
  17  1:28  Supply Depot  
  17  1:39  SCV  
  18  1:52  Marine  
  19  2:01  Factory  
  19  2:02  Orbital Command  
  19  2:10  Marine  
  20  2:38  Supply Depot  
  20  2:47  Starport  
  21  2:51  SCV  
  21  2:55  Marine  
  22  3:03  SCV  
  23  3:08  Armory  
  23  3:13  Marine  
  24  3:25  Starport Tech Lab  
  24  3:29  Fusion Core  
  24  3:30  SCV  
  25  3:42  SCV  
  25  3:45  Marine  
  27  3:54  SCV  
  28  4:03  Marine  
  28  4:06  SCV  
  36  4:17  Battlecruiser  
  36  4:20  Terran Ship Weapons Level 1  
  36  4:21  Marine  
  36  4:22  Factory Tech Lab  
  37  4:29  Supply Depot  
  37  4:55  SCV  
  37  4:58  Command Center  
  38  5:07  SCV  
  39  5:19  SCV  
  39  5:21  Starport  
  40  5:31  SCV  
  41  5:44  SCV  
  42  5:56  SCV  
  42  6:44  Starport Tech Lab  
  42  6:46  Battlecruiser  
  21  7:14  SCV  
  19  7:26  SCV  
  20  7:33  Refinery  
  20  7:35  Refinery  
  19  7:38  SCV  
  20  7:49  Orbital Command  
  20  7:50  Battlecruiser  
  20  7:51  SCV  
  27  8:03  SCV  
  28  8:15  SCV x2  
  30  8:27  SCV x2  
  30  8:30  Battlecruiser  
  38  8:39  SCV x2  
  40  8:51  SCV x2  
  42  9:03  SCV x2  
  44  9:15  SCV x2  
  34  10:27  Battlecruiser x2  
  46  11:03  Terran Ship Weapons Level 2  
  46  11:10  Armory, SCV  
  47  11:11  SCV  
  48  11:23  SCV x2  
  50  11:35  SCV  
  50  11:36  SCV  
  52  11:47  SCV  
  52  11:48  SCV  
  52  11:49  Command Center  
  54  12:59  SCV x2  
  56  13:11  SCV x2  
  58  13:37  Starport  
  58  13:43  Refinery  
  58  13:44  SCV x2  
Show
View Real Time Build Order
Export as new Build Order

Kimmo Protoss - Winner!

Build Orders:  

Get SALT Encoding   

  12  0:02  Probe  
  13  0:14  Probe  
  14  0:32  Probe  
  15  0:40  Pylon  
  15  0:58  Probe  
  16  1:10  Probe  
  17  1:17  Forge  
  17  1:22  Probe  
  18  1:26  Assimilator  
  18  1:35  Assimilator, Probe  
  19  1:47  Probe  
  20  1:59  Gateway  
  20  2:07  Probe  
  20  2:08  Nexus  
  21  2:16  Assimilator  
  21  2:17  Probe  
  21  2:21  Assimilator  
  22  2:25  Probe  
  23  3:04  Pylon  
  24  3:20  Probe  
  24  3:25  Cybernetics Core  
  24  3:32  Probe  
  25  3:44  Probe  
  26  3:56  Probe  
  26  3:57  Probe  
  28  4:06  Nexus  
  28  4:08  Probe  
  28  4:09  Probe  
  30  4:10  Stargate  
  30  4:14  Stargate  
  30  4:16  Robotics Facility  
  30  4:20  Probe  
  30  4:22  Assimilator, Probe  
  32  4:26  Assimilator  
  32  4:31  Pylon  
  32  4:32  Probe  
  32  4:34  Probe  
  34  4:44  Probe  
  35  4:46  Probe  
  35  4:48  Stalker  
  38  4:54  Probe  
  38  4:56  Probe  
  40  5:02  Probe  
  41  5:08  Probe  
  41  5:12  Probe  
  42  5:17  Probe  
  42  5:18  Stalker  
  42  5:21  Probe  
  47  5:24  Probe  
  48  5:29  Probe  
  48  5:31  Immortal  
  48  5:33  Probe  
  54  5:36  Probe  
  54  5:41  Photon Cannon, Probe  
  56  5:45  Probe  
  56  5:48  Stalker, Probe  
  60  5:50  Pylon  
  60  5:54  Probe  
  61  5:57  Probe  
  61  6:00  Probe  
  63  6:06  Probe  
  63  6:07  Photon Cannon  
  63  6:09  Probe  
  65  6:13  Probe  
  65  6:18  Stalker, Probe  
  69  6:19  Immortal  
  69  6:21  Probe  
  69  6:25  Probe  
  75  6:29  Robotics Bay  
  75  6:30  Probe  
  76  6:33  Probe  
  76  6:35  Pylon  
  76  6:38  Pylon  
  77  6:40  Pylon  
  77  6:42  Void Ray x2  
  76  6:51  Stalker  
  84  6:55  Immortal  
  84  6:58  Photon Cannon  
  84  7:00  Photon Cannon  
  92  7:25  Void Ray  
  93  7:32  Photon Cannon  
  93  7:33  Photon Cannon  
  91  7:58  Protoss Shields Level 1  
  91  8:10  Pylon  
  83  8:47  Stargate x2  
  83  9:11  Pylon  
  83  9:13  Pylon  
  83  9:15  Pylon  
  83  9:18  Pylon  
  83  9:23  Colossus  
  83  9:25  Void Ray x2  
  97  9:41  Void Ray  
  97  9:50  Extended Thermal Lance  
  101  9:54  Assimilator  
  101  9:55  Nexus  
  101  10:02  Assimilator  
  101  10:03  Void Ray x2  
  109  10:22  Photon Cannon  
  109  10:40  Probe  
  110  10:44  Pylon  
  110  10:47  Pylon  
  110  10:51  Pylon  
  110  10:53  Pylon  
  110  11:04  Void Ray x2  
  110  11:06  Void Ray x2, Probe x2  
  110  11:07  Pylon  
  128  11:18  Probe x2  
  130  11:27  Photon Cannon  
  130  11:28  Photon Cannon  
  130  11:30  Probe  
  130  11:31  Photon Cannon  
  131  11:33  Colossus  
  137  11:41  Pylon  
  137  11:42  Stalker  
  137  11:47  Void Ray x2  
  137  11:49  Void Ray x2  
  153  12:12  Stalker  
  155  12:30  Void Ray x2  
  155  12:35  Probe x2  
  165  13:04  Pylon  
  165  13:07  Pylon  
  165  13:09  Pylon  
  165  13:11  Pylon x2  
  165  13:13  Pylon  
  165  13:15  Pylon  
  165  13:22  Stalker, Probe x2  
  173  13:34  Probe x2  
Show
View Real Time Build Order
Export as new Build Order

TATORREA Protoss 

Build Orders:  

Get SALT Encoding   

  12  0:01  Probe  
  13  0:13  Probe  
  14  0:18  Pylon  
  14  0:25  Probe  
  15  0:38  Probe  
  15  0:40  Gateway  
  16  0:50  Probe  
  17  1:02  Probe  
  17  1:04  Assimilator  
  18  1:08  Pylon  
  18  1:14  Probe  
  19  1:24  Gateway  
  19  1:26  Probe  
  19  1:27  Assimilator  
  20  1:38  Probe  
  21  1:50  Probe  
  22  1:59  Cybernetics Core  
  22  2:01  Gateway  
  22  2:02  Probe  
  23  2:18  Gateway, Probe  
  24  2:30  Probe  
  25  2:41  Nexus  
  24  2:44  Warp Gate  
  24  2:51  Pylon, Probe  
  25  3:01  Pylon  
  25  3:03  Probe  
  26  3:15  Probe  
  27  3:22  Pylon  
  27  3:27  Probe  
  27  3:32  Stargate  
  28  3:39  Probe  
  29  3:50  Robotics Facility  
  29  3:52  Probe  
  29  3:54  Probe  
  31  4:03  Assimilator  
  31  4:04  Probe  
  31  4:06  Probe  
  31  4:07  Assimilator  
  33  4:16  Probe  
  34  4:18  Probe  
  34  4:19  Phoenix  
  37  4:28  Probe  
  37  4:30  Probe  
  39  4:37  Stalker x2  
  39  4:38  Stalker  
  45  4:40  Sentry  
  45  4:42  Probe  
  48  4:45  Probe  
  49  4:54  Probe  
  49  4:57  Phoenix  
  49  4:58  Probe  
  53  5:06  Probe  
  54  5:09  Stalker  
  54  5:10  Stalker, Probe  
  54  5:11  Immortal  
  61  5:47  Probe x2  
  61  5:48  Phoenix  
  63  5:50  Observer  
  63  5:55  Stalker  
  63  5:56  Stalker  
  68  5:58  Stalker  
  70  6:30  Phoenix  
  68  6:43  Stalker  
  70  6:53  Pylon  
  70  6:56  Pylon  
  70  7:11  Probe x2  
  70  7:12  Immortal  
  76  7:21  Nexus  
  76  7:23  Probe x2  
  76  7:24  Pylon  
  76  7:25  Pylon  
  76  7:28  Pylon  
  76  7:29  Pylon  
  78  7:30  Pylon  
  55  7:58  Probe  
  55  7:59  Probe  
  57  8:11  Probe x2  
  59  8:14  Stargate  
  59  8:19  Stargate  
  59  8:23  Probe  
  59  8:24  Fleet Beacon  
  60  8:31  Probe  
  60  8:33  Probe  
  62  8:35  Probe  
  62  8:37  Stalker x2  
  62  8:38  Stalker  
  62  8:40  Phoenix  
  71  8:43  Probe  
  71  8:45  Probe  
  73  8:52  Probe  
  73  8:54  Nexus  
  74  8:56  Probe  
  74  8:57  Probe  
  74  9:00  Nexus  
  76  9:03  Pylon  
  76  9:04  Probe  
  76  9:06  Pylon  
  76  9:07  Phoenix x2  
  76  9:08  Phoenix  
  83  9:10  Pylon  
  83  9:11  Immortal  
  83  9:13  Stalker x3  
  83  9:14  Stalker, Pylon  
  95  9:22  Assimilator  
  93  9:27  Assimilator  
  91  9:31  Probe  
  91  9:32  Probe x2  
  92  9:38  Stalker x3  
  92  9:39  Stalker  
  91  9:48  Probe x2  
  91  9:49  Probe  
  75  10:00  Probe x2  
  75  10:01  Probe  
  74  10:08  Stalker x2  
  74  10:09  Stalker x2  
  80  10:14  Probe x2  
  80  10:15  Probe x3  
  81  10:28  Probe x3  
  82  10:29  Probe x2  
  82  10:34  Stalker x3  
  82  10:35  Stalker  
  88  10:40  Probe x2  
  88  10:41  Probe x3  
  94  10:52  Probe  
  93  11:08  Probe x2  
  93  11:09  Probe x2  
  83  11:13  Probe  
  59  11:32  Gateway x2  
  59  11:36  Gateway, Probe x3  
  59  11:37  Probe  
  59  11:38  Gateway  
  63  11:44  Gateway  
  63  11:45  Cybernetics Core  
  63  11:46  Gateway x2  
  63  11:47  Stargate  
  63  11:48  Probe x2  
  63  11:49  Probe x2  
  63  11:51  Gateway  
  63  11:52  Gateway, Stargate  
  67  11:56  Stargate  
  67  11:59  Assimilator  
  67  12:00  Probe x2  
  67  12:01  Probe x2  
  71  12:04  Assimilator  
  71  12:12  Probe  
  71  12:13  Probe x3  
  75  12:24  Probe  
  75  12:25  Probe x3  
  75  12:28  Stalker x2  
  83  12:35  Stalker x2  
  83  12:37  Probe  
  88  12:42  Stalker x3  
  94  12:47  Phoenix  
  94  12:48  Phoenix x2  
  96  13:01  Assimilator  
  96  13:03  Stalker x4  
  96  13:04  Stalker x2  
  96  13:05  Stalker x2, Assimilator  
  108  13:06  Stalker  
  112  13:12  Phoenix  
  112  13:13  Phoenix x2  
Show
View Real Time Build Order
Export as new Build Order

tigro Terran 

Build Orders:  

Get SALT Encoding   

  12  0:03  SCV  
  13  0:15  SCV  
  14  0:36  Supply Depot  
  14  0:41  SCV  
  15  0:51  Refinery  
  15  0:57  SCV  
  15  0:58  Supply Depot  
  15  1:03  Barracks  
  16  1:10  SCV  
  17  1:22  SCV  
  18  1:34  SCV  
  19  1:46  SCV  
  20  1:54  Marine  
  20  1:59  SCV  
  22  2:09  Factory  
  22  2:12  Marine  
  23  2:27  Orbital Command  
  23  2:30  Marine  
  24  2:48  Marine  
  24  2:49  Refinery  
  25  3:01  Engineering Bay  
  25  3:06  Marine, Factory Tech Lab  
  26  3:19  Starport  
  26  3:36  SCV  
  27  3:42  Barracks Tech Lab  
  27  3:48  SCV  
  27  3:53  Siege Tank  
  31  3:57  Starport  
  31  4:14  Missile Turret  
  31  4:28  Medivac  
  33  4:48  Starport Tech Lab  
  33  5:01  Starport Tech Lab  
  33  5:19  Missile Turret  
  33  5:39  Missile Turret  
  33  5:57  Missile Turret  
  33  6:04  Marine  
  33  6:17  Missile Turret  
  33  6:22  Marine  
  33  6:40  Marine  
  34  6:58  Marine  
  35  7:04  Missile Turret  
  35  7:15  Marine  
  35  7:22  Command Center  
  36  7:25  Fusion Core, Missile Turret  
  36  7:45  Missile Turret  
  36  7:50  Terran Infantry Weapons Level 1  
  36  8:07  Missile Turret  
  36  8:15  Armory  
  36  8:30  Missile Turret  
  36  8:36  SCV  
  36  8:37  Refinery  
  37  8:48  SCV  
  37  8:53  Missile Turret  
  38  9:00  SCV  
  38  9:01  Combat Shield  
  39  9:13  SCV  
  40  9:25  SCV  
  41  9:44  Terran Infantry Armor Level 1  
  35  10:20  Stimpack  
  35  11:18  Marine  
  36  11:36  Marine  
  36  11:38  Neosteel Armor  
  37  11:43  Viking  
  37  11:44  Viking  
  41  11:54  Marine  
  41  12:12  Marine  
  41  12:13  Viking  
  32  13:55  Missile Turret  
Show
View Real Time Build Order
Export as new Build Order

MrFercho Zerg 

Build Orders: Hatch First 

Get SALT Encoding   

  12  0:01  Drone  
  13  0:13  Overlord  
  13  0:18  Drone  
  14  0:32  Drone x2  
  16  0:37  Drone  
  17  0:57  Drone  
  17  0:59  Hatchery  
  17  1:03  Extractor  
  16  1:08  Drone  
  17  1:19  Spawning Pool  
  17  1:20  Drone  
  17  1:28  Drone  
  18  1:38  Drone  
  19  1:51  Drone  
  19  1:53  Drone  
  21  2:01  Drone  
  22  2:10  Queen  
  22  2:13  Overlord x2  
  24  2:19  Queen  
  24  2:21  Metabolic Boost  
  26  2:23  Drone x2  
  28  2:37  Drone x2  
  30  2:46  Drone x2  
  32  2:54  Drone  
  32  2:55  Drone  
  34  3:12  Drone x2  
  36  3:23  Baneling Nest  
  35  3:28  Zergling x6  
  35  3:32  Drone x4  
  42  3:36  Drone x2  
  44  3:44  Overlord x3  
  44  3:47  Hatchery  
  43  3:57  Zergling x2  
  44  4:14  Zergling x2  
  44  4:15  Zergling x12  
  51  4:30  Zergling x8  
  55  4:41  Queen  
  55  4:43  Zergling x10  
  62  4:56  Zergling x10  
  67  5:03  Zergling x2  
  68  5:34  Baneling x2  
  68  5:35  Baneling x17  
  68  5:38  Zergling x10  
  68  5:39  Zergling x2  
  68  5:41  Overlord x4  
  74  5:57  Overlord x5  
  74  6:02  Zergling x8  
  78  6:30  Zergling x24  
  68  7:02  Zergling x2  
  68  7:03  Zergling x24  
  67  7:20  Zergling x6, Drone  
  59  7:44  Evolution Chamber  
  58  7:50  Lair  
  58  7:51  Zergling x16  
  64  8:23  Zergling x2  
  64  8:24  Zergling x22  
  76  8:27  Zerg Melee Weapons Level 1  
  76  8:39  Hatchery  
  75  8:41  Hatchery  
  74  8:56  Drone x10  
  78  9:18  Spore Crawler  
  78  9:20  Spore Crawler x2  
  75  9:33  Spire  
  75  9:35  Hydralisk Den  
  75  9:37  Extractor  
  72  9:39  Extractor  
  72  9:40  Extractor  
  72  9:41  Drone x10  
  72  9:42  Drone x3  
  83  9:48  Hatchery  
  82  9:53  Burrow  
  80  10:13  Baneling x3  
  80  10:14  Baneling x25  
  78  10:21  Drone x7  
  56  11:01  Extractor  
  56  11:03  Extractor  
  54  11:05  Drone x5  
  54  11:06  Drone x3  
  62  11:23  Hydralisk x11  
  62  11:24  Hydralisk  
  41  12:33  Hydralisk  
  41  12:34  Hydralisk x8  
  59  12:39  Spore Crawler  
  59  12:41  Spore Crawler  
  15  13:06  Drone  
  15  13:07  Drone x8  
  15  13:20  Drone  
  15  13:21  Drone  
  15  13:25  Hatchery  
Tags
 
Add a new tag
Caveats
  • Supply blocks, unpowered buildings, or Contaminate may cause inaccurate times.
  • Supply counts are checked every 10 seconds.